AoeStats
← Merouane

Black Forest

508295506Analyzed
3v3 RM · 9d ago on Sep 21, 2026· 57m 48s· 6 players
Game mode
Random Map
Map size
Normal (6 player)
Population
200
Speed
Normal
Resources
Standard
Victory
Conquest
Starting age
Dark Age
Ending age
Imperial Age
RankedLock teamsTeams togetherTeam positionsShared explorationLock speedFull tech treeHidden civsTurbo modeCheats
Victory
Defeat
🇺🇸 Armenians · United States
693
+9
🇩🇪 Persians · Germany
649
+10
🇦🇷 Aztecs · Argentina
604
+12
🇫🇷 Celts · France
891
-79
🇫🇷 Khmer · France
302
-4
🇫🇷 Chinese · France
272
-4
Paper Street Soap Co.
1:15 Loom
16:49 Feudal Age
18:54 Double-Bit Axe
18:53 Horse Collar
19:05 Gold Mining
21:53 Wheelbarrow
22:20 Town Watch
24:38 Castle Age
22:37 Pikeman
22:38 Man-at-Arms
25:42 Scale Mail Armor
25:53 Forging
25:34 Fletching
27:41 Heavy Plow
27:34 Stone Mining
27:55 Bow Saw
28:21 Gold Shaft Mining
31:05 Town Patrol
33:56 Arson
37:07 Imperial Age
35:02 Fortified Wall
35:14 Ballistics
36:28 Hand Cart
38:12 Chain Mail Armor
38:33 Iron Casting
37:53 Bodkin Arrow
38:02 Squires
37:48 Gambesons
37:26 Halberdier
38:34 Long Swordsman
38:37 Elite Skirmisher
39:17 Murder Holes
40:32 Chemistry
39:17 Capped Ram
40:53 Caravan
40:25 Onager
41:33 Two-Handed Swordsman
42:51 Plate Mail Armor
43:22 Blast Furnace
42:23 Bracer
42:24 Padded Archer Armor
42:29 Scale Barding Armor
44:17 Masonry
43:47 Crossbowman
45:25 Conscription
45:14 Fereters
44:37 Elite Composite Bowman
44:49 Siege Ram
45:06 Heavy Scorpion
47:11 Champion
48:29 Leather Archer Armor
sulox32
0:49 Loom
12:25 Feudal Age
15:05 Town Watch
15:21 Double-Bit Axe
15:34 Horse Collar
21:37 Castle Age
22:46 Town Patrol
22:42 Stone Mining
22:44 Gold Mining
26:07 Bow Saw
28:01 Stone Shaft Mining
28:33 Heavy Plow
36:29 Imperial Age
35:01 Wheelbarrow
35:47 Ballistics
35:39 Masonry
38:44 Chemistry
38:19 Crop Rotation
38:54 Two-Man Saw
40:03 Gold Shaft Mining
41:35 Thumb Ring
40:53 Crossbowman
43:33 Kamandaran
42:56 Elite War Elephant
43:44 Padded Archer Armor
43:35 Fletching
Maxi10cn6561
20:41 Feudal Age
31:47 Castle Age
31:33 Wheelbarrow
31:11 Double-Bit Axe
31:09 Horse Collar
31:21 Gold Mining
31:22 Stone Mining
33:29 Bow Saw
33:22 Heavy Plow
37:06 Imperial Age
35:29 Loom
36:00 Hand Cart
35:31 Town Watch
37:57 Stone Shaft Mining
37:59 Gold Shaft Mining
40:11 Fishing Lines
41:23 Capped Ram
42:30 Conscription
41:30 Elite Jaguar Warrior
43:16 Caravan
43:31 Siege Ram
45:57 Scale Mail Armor
46:11 Forging
46:54 Siege Engineers
48:46 Chain Mail Armor
49:08 Iron Casting
49:54 Garland Wars
54:42 Plate Mail Armor
58:40 Blast Furnace
57:46 Town Patrol
57:32 Treadmill Crane
57:42 Heated Shot
58:13 Ballistics
58:53 Chemistry
57:44 Guard Tower
58:04 Fortified Wall
57:50 Murder Holes
Kiwi-
0:28 Loom
14:04 Feudal Age
16:49 Wheelbarrow
16:02 Double-Bit Axe
18:21 Stone Mining
18:25 Gold Mining
19:13 Town Watch
25:37 Castle Age
29:27 Hand Cart
32:45 Bow Saw
32:18 Horse Collar
33:19 Gold Shaft Mining
33:22 Stone Shaft Mining
33:08 Town Patrol
39:39 Caravan
43:57 Imperial Age
42:11 Thumb Ring
43:38 Masonry
43:49 Ballistics
43:40 Fortified Wall
43:27 Murder Holes
43:24 Guard Tower
43:01 Pikeman
43:41 Squires
43:27 Arson
43:51 Scale Barding Armor
43:46 Scale Mail Armor
43:38 Fletching
46:30 Two-Man Saw
45:02 Cavalier
45:42 Husbandry
45:53 Bloodlines
45:58 Forging
46:03 Chain Mail Armor
45:49 Padded Archer Armor
45:44 Heavy Rocket Cart
46:48 Conscription
46:32 Great Wall
46:10 Light Cavalry
47:16 Chain Barding Armor
47:32 Iron Casting
48:37 Chemistry
47:55 Heavy Plow
49:18 Plate Mail Armor
49:03 Leather Archer Armor
48:44 Bodkin Arrow
54:51 Plate Barding Armor
55:17 Blast Furnace
54:17 Bracer
54:47 Ring Archer Armor
Merouane
0:46 Loom
17:03 Feudal Age
19:09 Horse Collar
19:21 Double-Bit Axe
21:37 Wheelbarrow
21:57 Arson
22:43 Gold Mining
22:56 Stone Mining
24:51 Man-at-Arms
25:45 Bloodlines
29:47 Castle Age
29:46 Padded Archer Armor
29:46 Scale Mail Armor
29:52 Scale Barding Armor
29:38 Fletching
30:18 Forging
31:43 Bow Saw
31:59 Heavy Plow
35:41 Chain Barding Armor
35:36 Chain Mail Armor
35:18 Bodkin Arrow
36:38 Iron Casting
36:55 Husbandry
39:14 Leather Archer Armor
44:13 Masonry
43:54 Heated Shot
44:00 Murder Holes
45:12 Fortified Wall
45:54 Stone Shaft Mining
45:55 Gold Shaft Mining
45:43 Caravan
47:10 Guard Tower
50:58 Imperial Age
49:41 Long Swordsman
50:57 Ballistics
ibrahim
13:53 Feudal Age
15:09 Wheelbarrow
14:30 Double-Bit Axe
17:19 Gold Mining
18:05 Horse Collar
19:12 Man-at-Arms
20:10 Stone Mining
22:40 Town Watch
25:51 Castle Age
24:13 Forging
24:19 Arson
25:25 Scale Mail Armor
26:54 Heavy Plow
27:08 Bow Saw
26:51 Gambesons
26:27 Long Swordsman
26:32 Pikeman
28:06 Hand Cart
30:35 Town Patrol
31:47 Gold Shaft Mining
31:47 Stone Shaft Mining
36:49 Imperial Age
37:26 Loom
38:42 Guard Tower
39:20 Ballistics
38:24 Halberdier
38:26 Two-Handed Swordsman
40:02 Iron Casting
39:43 Chain Mail Armor
39:47 Caravan
39:37 Elite Skirmisher
42:20 Blast Furnace
40:44 Champion
44:43 Plate Mail Armor
44:55 Conscription
43:57 Elite Woad Raider
46:58 Padded Archer Armor
46:49 Fletching
46:33 Onager
47:44 Furor Celtica
49:10 Keep
48:18 Treadmill Crane
48:52 Masonry
49:48 Chemistry
48:20 Siege Onager
Connection lost

Rejoining the realm…

Still unreachable

The connection could not be restored.

Session expired

The server has moved on; the page needs a fresh start.